 Dungeon Crawl Stone Soup version 0.30-a0-967-g9b59a09336 (webtiles) character file.

Game seed: 13053480486783770358

857 Grim the Shield-Bearer (level 8, -2/58 HPs)
             Began as a Formicid Fighter on Mar 31, 2023.
             Slain by a gnoll
             ... wielding a +0 halberd
             ... led by a gnoll bouda
              (9 damage)
             ... on level 5 of the Dungeon.
             The game lasted 00:05:53 (3862 turns).

Grim the Shield-Bearer (Formicid Fighter)           Turns: 3862, Time: 00:05:54

Health: -2/58      AC: 12    Str: 20    XL:     8   Next: 22%
Magic:  8/8        EV:  7    Int: 11    God:
Gold:   186        SH:  6    Dex: 13    Spells: 7/7 levels left

rFire   . . .      SeeInvis +    a - +0 war axe
rCold   . . .      Faith    .    c - +0 buckler
rNeg    . . .      Spirit   .    t - +1 chain mail {Will+}
rPois   .          Reflect  .    (helmet unavailable)
rElec   .          Rampage  .    (no cloak)
rCorr   .                        h - +0 pair of gloves
Will    +....                    m - +0 pair of boots Stlth
                                 (no amulet)
HPRegen 0.29/turn                (no ring)
MPRegen 0.11/turn                (no ring)

@: weakened
A: permanent stasis, dig shafts and tunnels, antennae 3, four strong arms
a: Dig, Shaft Self


You were on level 5 of the Dungeon.
You visited 1 branch of the dungeon, and saw 5 of its levels.

You collected 186 gold pieces.

Inventory:

Hand Weapons
 a - a +0 war axe (weapon)
Missiles
 u - 2 atropa-tipped darts (quivered)
Armour
 c - a +0 buckler (worn)
 h - a +0 pair of gloves (worn)
 m - a +0 pair of boots (worn)
 t - a +1 chain mail of willpower (worn)
Scrolls
 b - 4 scrolls of identify {unknown}
 d - a scroll of teleportation {unknown}
 g - 3 scrolls of amnesia {unknown}
 i - a scroll of summoning {unknown}
 j - a scroll of immolation {unknown}
 o - 2 scrolls of magic mapping {unknown}
 v - a scroll of vulnerability {unknown}
Potions
 e - 2 potions of degeneration {unknown}
 f - a potion of haste {unknown}
 k - a potion of resistance {unknown}
 l - 4 potions of curing {unknown}
 n - a potion of berserk rage {unknown}
 p - 2 potions of heal wounds {unknown}
 q - a potion of magic {unknown}
 r - a potion of ambrosia {unknown}
 s - 2 potions of attraction {unknown}


   Skills:
 - Level 3.2 Fighting
 * Level 7.4 Axes
 - Level 3.2 Armour
 + Level 7.7 Shields


You had 7 spell levels left.
You didn't know any spells.
Your spell library contained the following spells:

 Spells                   Type           Power      Damage    Failure   Level
 Frozen Ramparts          Ice            0%         1d1       100%        3
 Vhi's Electric Charge    Tloc/Air       0%         N/A       100%        3
 Ice Form                 Ice/Tmut       0%         N/A       100%        4
 Summon Ice Beast         Ice/Summ       0%         N/A       100%        4
 Arcjolt                  Conj/Air       0%         1d10      100%        5
 Maxwell's Capacitive Co  Air            0%         ∞         100%        8


Dungeon Overview and Level Annotations

Branches:
Dungeon (5/15)
 Temple: D:4-7

Altars:
Hepliaklqana

Shops:
D:2 ?

Annotations:
D:4 3 runed translucent doors, fly's ghost, weakling DgDe; vampirul's ghost, amateur AtFi


Innate Abilities, Weirdness & Mutations

You cannot be hasted, slowed, berserked, paralysed or teleported.
You can dig through walls and to a lower floor.
You have a pair of large antennae on your head. (SInv)
Your four strong arms can wield two-handed weapons with a shield.


Message History

You closely miss the gnoll bouda.
The gnoll bouda is severely wounded.
You closely miss the gnoll.
The gnoll bouda hits you but does no damage.
You block the gnoll's attack. The gnoll barely misses you.
The gnoll hits you but does no damage.
You hit the gnoll bouda.
The gnoll bouda is severely wounded.
You barely miss the gnoll. You hit the gnoll.
The gnoll bouda prays to its god.
The gnoll bouda is healed somewhat.
The gnoll hits you with a +0 flail.
* * * LOW HITPOINT WARNING * * *
The gnoll completely misses you. The gnoll hits you but does no damage.
You hit the gnoll bouda.
The gnoll bouda is severely wounded.
You hit the gnoll. You closely miss the gnoll.
The gnoll bouda hits you but does no damage.
The gnoll hits you with a +0 flail.
* * * LOW HITPOINT WARNING * * *
The gnoll hits you with a +0 club.
* * * LOW HITPOINT WARNING * * *
You block the gnoll's attack.
The gnoll bouda hits you but does no damage.
You barely miss the gnoll bouda.
The gnoll bouda is severely wounded.
You barely miss the gnoll. You hit the gnoll. You block the gnoll's attack.
The gnoll hits you with a +0 club.
* * * LOW HITPOINT WARNING * * *
The gnoll hits you from afar with a +0 halberd!
* * * LOW HITPOINT WARNING * * *
The gnoll bouda hits you with a +0 club.
* * * LOW HITPOINT WARNING * * *
You hit the gnoll bouda but do no damage.
The gnoll bouda is severely wounded.
You hit the gnoll. You completely miss the gnoll.
The gnoll is no longer moving quickly.
The gnoll hits you with a +0 flail.
* * * LOW HITPOINT WARNING * * *
The gnoll barely misses you.
The gnoll hits you from afar with a +0 halberd!
You die...

# #. #.. #..#
... #... #.###
#.... #ggg##
#.....
###g@###
#......#
##.g.#
##......#
###.#
#.......#
#.###.......#
#.......#...#
####.#..#...##
#.#.......##
#..........##
#...#.........


You could see a gnoll bouda and 4 gnolls.

Vanquished Creatures
  Sigmund (D:2)
  A sky beast (D:3)
  A scorpion (D:4)
  A hound (D:4)
  2 jellies (D:4)
  Terence (D:3)
  Jessica (D:3)
  3 iguanas
  Natasha (thrice) (D:3)
  2 orc wizards
  5 adders
  7 gnolls (D:5)
  An ufetubus (D:5)
  A worm (D:2)
  2 dart slugs
  9 orcs
  7 ball pythons
  7 endoplasms
  5 giant cockroaches
  6 goblins
  7 hobgoblins
  4 jackals (D:1)
  2 quokkas
  5 bats
  3 frilled lizards
  7 kobolds
  4 rats
98 creatures vanquished.

Vanquished Creatures (others)
  2 withered plants (D:4)
2 creatures vanquished.

Grand Total: 100 creatures vanquished

Notes
Turn   | Place    | Note
-------+----------+-------------------------------------------
     0 | D:1      | Grim the Formicid Fighter began the quest for the Orb.
     0 | D:1      | Reached XP level 1. HP: 18/18 MP: 1/1
   148 | D:1      | Reached XP level 2. HP: 24/24 MP: 2/2
   784 | D:2      | Reached XP level 3. HP: 27/29 MP: 3/3
   970 | D:2      | Found Kylupui's Magic Scroll Boutique.
   982 | D:2      | Reached XP level 4. HP: 35/35 MP: 4/4
  1145 | D:2      | Noticed Sigmund
  1150 | D:2      | Killed Sigmund
  1151 | D:2      | Reached skill level 5 in Axes
  1151 | D:2      | Reached skill level 5 in Shields
  1151 | D:2      | Reached XP level 5. HP: 41/41 MP: 5/5
  1151 | D:2      | Reached XP level 6. HP: 47/47 MP: 6/6
  1394 | D:3      | Noticed Natasha
  1402 | D:3      | Killed Natasha
  1544 | D:3      | Noticed Natasha
  1689 | D:3      | Noticed Jessica
  1702 | D:3      | Killed Jessica
  1973 | D:3      | Noticed a sky beast
  1976 | D:3      | Noticed Terence
  1980 | D:3      | Killed a sky beast
  1981 | D:3      | Reached XP level 7. HP: 34/52 MP: 7/7
  1993 | D:3      | Killed Terence
  2025 | D:3      | Killed Natasha
  2047 | D:3      | Noticed Natasha
  2052 | D:3      | Killed Natasha
  3035 | D:4      | Found a hazy altar of Hepliaklqana.
  3212 | D:4      | Reached XP level 8. HP: 43/58 MP: 8/8
  3405 | D:4      | Found a runed translucent gate.
  3406 | D:4      | Found a runed translucent gate.
  3407 | D:4      | Found a runed translucent gate.
  3408 | D:4      | Noticed fly's ghost (weakling DgDe)
  3409 | D:4      | Noticed vampirul's ghost (amateur AtFi)
  3516 | D:5      | Entered Level 5 of the Dungeon
  3862 | D:5      | Slain by a gnoll

Illustrated notes

Levels and vault maps discovered:
D:1:      elethiomel_arrival_quiet, layout_loops_ring, chequers_mini_garden
D:2:      layout_rooms, serial_shops, nicolae_shop_hallway_plus,
          dreamdust_princess_corridor, uniq_sigmund
D:3:      layout_rooms, grunt_decor_clamped, minmay_misc_feat_x,
          kennysheep_generic_room_3, uniq_terence, uniq_jessica, uniq_natasha
D:4:      layout_basic, marbit_many_paths, gammafunk_ghost_cemetery
D:5:      layout_cave_pools, biasface_ghost_orc_armoury, serial_gnoll_camp,
          gnoll_camp_medium_02, gnoll_camp_mini_basic, gnoll_camp_mini_sergeant,
          gnoll_camp_mini_shop, gnoll_camp_mini_hut, gnoll_camp_mini_basic

Skill      XL: |  1  2  3  4  5  6  7 |
---------------+----------------------+-----
Axes           | 3 5 7 |  7.4
Shields        | 5 6 7 |  7.7
Fighting       | |  3.2
Armour         | |  3.2

Action                     |  1- 3 |  4- 6 |  7- 9 || total
---------------------------+-------+-------+-------++-------
  Melee: War axe           |    68 |    95 |   152 ||   315
  Throw: Dart              |       |       |     1 ||     1
Ability: Dig               |       |       |     1 ||     1
    Use: Potion            |       |     1 |       ||     1
   Stab: Invisible         |       |       |     1 ||     1
 Armour: Scale mail        |    14 |       |       ||    14
         Chain mail        |    21 |    66 |    65 ||   152
  Dodge: Dodged            |    26 |    31 |    53 ||   110
  Block: Buckler           |     9 |    28 |    44 ||    81

Table legend: (Time is in decaauts)
 A = Elapsed time spent in this place.
 B = Non-inter-level travel time spent in this place.
 C = Inter-level travel time spent in this place.
 D = Time resting spent in this place.
 E = Time spent auto-exploring this place.
 F = Levels seen in this place.
 G = Mean time per level.
                   A        B        C        D        E       F      G
               +--------+--------+--------+--------+--------+-----+--------+
         Total |   3942 |   3744 |    198 |    586 |   2317 |   5 |  788.4 |
       Dungeon |   3942 |   3744 |    198 |    586 |   2317 |   5 |  788.4 |
               +--------+--------+--------+--------+--------+-----+--------+

Top non-repeatable levels by time:
     D:4: 1175 daAuts
     D:3: 989 daAuts
     D:1: 765 daAuts
     D:2: 660 daAuts
     D:5: 352 daAuts
